 Dungeon Crawl Stone Soup version 0.29.0-15-g675c0067aa (webtiles) character file.

Game seed: 3872795159747411278

136 Persephone the Trooper (level 4, -1/38 HPs)
             Began as a Demigod Fighter on Sept 11, 2022.
             Slain by a gnoll
             ... wielding a +0 mace
              (6 damage)
             ... on level 3 of the Dungeon.
             The game lasted 00:04:45 (3003 turns).

Persephone the Trooper (Demigod Fighter)            Turns: 3003, Time: 00:04:45

Health: -1/38      AC:  8    Str: 17    XL:     4   Next: 67%
Magic:  6/6        EV: 10    Int: 10    God:
Gold:   142        SH:  5    Dex: 17    Spells: 3/3 levels left

rFire   . . .      SeeInvis .   a - +1 long sword
rCold   . . .      Faith    .   c - +0 buckler
rNeg    . . .      Spirit   .   b - +0 scale mail
rPois   .          Reflect  .   n - +0 helmet
rElec   .          Harm     .   (no cloak)
rCorr   .          Rampage  .   (no gloves)
Will    .....                   f - +0 pair of boots
Stlth   ..........              (no amulet)
HPRegen 0.12/turn               (no ring)
MPRegen 0.10/turn               (no ring)

@: no status effects
A: high MP 1, forlorn, divine attributes
a: no special abilities


You were on level 3 of the Dungeon.
You visited 1 branch of the dungeon, and saw 3 of its levels.

You collected 142 gold pieces.

Inventory:

Hand Weapons
 a - a +1 long sword (weapon)
Armour
 b - a +0 scale mail (worn)
 c - a +0 buckler (worn)
 f - a +0 pair of boots (worn)
 n - a +0 helmet (worn)
Scrolls
 g - a scroll of poison
 j - a scroll of identify
 l - a scroll of enchant armour {unknown}
 m - 2 scrolls of blinking {unknown}
Potions
 e - a potion of invisibility
 k - 2 potions of berserk rage {unknown}


   Skills:
 + Level 3.4 Fighting
 + Level 2.7 Long Blades
 - Level 2.7 Armour
 + Level 1.9 Dodging
 + Level 3.4 Shields


You had 3 spell levels left.
You didn't know any spells.
Your spell library contained the following spells:

 Spells                   Type           Power      Damage    Failure   Level
 Passage of Golubria      Tloc           0%         N/A       100%        4
 Silence                  Hex/Air        0%         N/A       100%        5
 Lehudib's Crystal Spear  Conj/Erth      0%         10d2      100%        8


Dungeon Overview and Level Annotations

Branches:
Dungeon (3/15)


Innate Abilities, Weirdness & Mutations

You have an increased reservoir of magic. (+10% MP)
You shall have no god before yourself.
Your divine heritage dramatically boosts your attributes as you level up.


Message History

The gnoll throws a javelin.
The javelin closely misses you.
The gnoll throws a javelin.
The javelin pierces through you!
* * * LOW HITPOINT WARNING * * *
The gnoll throws a javelin.
The javelin pierces through you but does no damage.
There is a stone staircase leading up here.
You climb upwards.
There is a stone staircase leading down here.
Key pressed, stopping explore.
You climb downwards.
The ball python barely misses you. The ball python grabs you.
The ball python constricts you. You block the ball python's attack.
The ball python constricts you. The gnoll hits you but does no damage.
The gnoll hits you from afar with a +0 halberd!
The gnoll hits you but does no damage.
There is a stone staircase leading up here.
You slash the ball python!
You kill the ball python!
The gnoll closely misses you. The gnoll barely misses you.
The gnoll hits you with a +0 mace.
Unknown command.
The gnoll attacks as you move away! The gnoll hits you but does no damage.
The gnoll attacks as you move away! The gnoll hits you but does no damage.
You block the gnoll's attack.
You hit the gnoll.
The gnoll is heavily wounded.
The gnoll closely misses you. The gnoll barely misses you.
The gnoll hits you with a +0 halberd. x2; You block the gnoll's attack.
The gnoll hits you with a +0 club.
You barely miss the gnoll.
The gnoll is heavily wounded.
The gnoll hits you with a +0 club. The gnoll hits you with a +0 halberd.
* * * LOW HITPOINT WARNING * * *
The gnoll barely misses you.
You closely miss the gnoll.
The gnoll is heavily wounded.
The gnoll hits you with a +0 club.
* * * LOW HITPOINT WARNING * * *
The gnoll closely misses you. The gnoll hits you with a +0 mace.
You die...

....................
##.#.................
##.#....g..#.........
......S###..........
...........#.##.#... ..
.........##......#### .#.#
.......>g...........#....#
.....#.#.##.........+....#.
.#+#.#...####'#g@...#..........#
.#.#.####.......gg.............#
........#........†.............##
........#...........#..#.........
.........................##...[..
..#............#.#...............
.................#......#........
........................)....<..#
..<..............##..........#.).


You could see 3 gnolls.

Vanquished Creatures
  Natasha (thrice) (D:2)
  An adder (D:2)
  A worm (D:2)
  3 endoplasms (D:2)
  2 giant cockroaches (D:1)
  10 goblins
  4 hobgoblins
  9 kobolds
  2 quokkas
  4 ball pythons
  3 bats
  2 frilled lizards (D:1)
  7 rats
51 creatures vanquished.

Vanquished Creatures (others)
  10 plants (D:2)
10 creatures vanquished.

Grand Total: 61 creatures vanquished

Notes
Turn   | Place    | Note
-------+----------+-------------------------------------------
     0 | D:1      | Persephone the Demigod Fighter began the quest for the Orb.
     0 | D:1      | Reached XP level 1. HP: 18/18 MP: 3/3
   380 | D:1      | Reached XP level 2. HP: 20/25 MP: 4/4
  1238 | D:2      | Reached skill level 1 in Dodging
  1238 | D:2      | Reached XP level 3. HP: 23/31 MP: 5/5
  1366 | D:2      | Noticed Natasha
  1379 | D:2      | Killed Natasha
  1404 | D:2      | Noticed Natasha
  1409 | D:2      | Killed Natasha
  1410 | D:2      | Reached XP level 4. HP: 19/38 MP: 6/6
  1422 | D:2      | Noticed Natasha
  1432 | D:2      | Killed Natasha
  3003 | D:3      | Slain by a gnoll

Illustrated notes

Levels and vault maps discovered:
D:1:      wander_arrival_chamber, layout_basic
D:2:      layout_rooms, serial_bayou, serial_bayou_shore_b, serial_bayou_pond_e,
          serial_bayou_shore_b, serial_bayou_shore_a, basic_ecumenical_altar,
          uniq_natasha
D:3:      layout_basic, serial_corexii_hall, corexii_hall_statues_deadend,
          chequers_hall_statues_wall_a, kennysheep_cross_room

Skill      XL: |  1  2 |
---------------+-------+-----
Long Blades    | 2 |  2.7
Fighting       | 3 |  3.4
Shields        | 3 |  3.4
Dodging        | 1 |  1.9
Armour         | |  2.7

Action                   |  1- 3 |  4- 6 || total
-------------------------+-------+-------++-------
Melee: Long sword        |   101 |    53 ||   154
  Use: Potion            |     1 |       ||     1
       Scroll            |       |     4 ||     4
Armor: Scale mail        |    63 |    51 ||   114
Dodge: Dodged            |    55 |    57 ||   112
Block: Buckler           |    22 |    29 ||    51
